 Dungeon Sprint DCSS version 0.31-a0-620-gd1cbd99268 (webtiles) character file.

Game seed: 12202402752958384828

3414 sircluck the Grappler (level 9, -11/105 HPs)
             Began as a Troll Berserker on Aug 23, 2023.
             Was a High Priest of Trog.
             Mangled by a hornet (12 damage)
             ... while paralysed by a hornet
             ... in the Dungeon (Sprint I: "Red Sonja").
             The game lasted 00:02:57 (509 turns).

sircluck the Grappler (Troll Berserker)              Turns: 509, Time: 00:02:58

Health: -11/105    AC:  4    Str: 31    XL:     9   Next: 76%
Magic:  8/8        EV:  1    Int:  3    God:    Trog [*****.]
Gold:   706        SH:  0    Dex:  9    Spells: 8/8 levels left

rFire   . .          .
                       - Unarmed
rCold   . . .        (no shield)
rNeg    . . .        a - +0 animal skin
rPois   .            (helmet restricted)
rElec   .            i - scarf {+Inv}
rCorr   .            (gloves unavailable)
SInv    .            (boots unavailable)
Will    .....        (no amulet)
Stlth   +            (no ring)
HPRegen 1.17/turn    (no ring)
MPRegen 0.11/turn

%: no teleportation
@: paralysed, lethally poisoned (-11 -> -34), slowed
A: large, unfitting armour, claws 3, regeneration 1, shaggy fur 1, tough skin 1
a: Renounce Religion, Evoke Invisibility, Berserk, Trog's Hand, Brothers in Arms


You were in the Dungeon.
You worshipped Trog.
Trog was extremely pleased with you.
You visited 1 branch You collected 826 gold pieces.
You spent 120 gold pieces at shops.

Inventory:

Missiles
 b - 4 curare-tipped darts
Armour
 a - a +0 animal skin (worn)
 i - a scarf of invisibility (worn)
Talismans
 m - a maw talisman
Wands
 h - a wand of light (3)
Scrolls
 g - a scroll of blinking
 l - a scroll of revelation {unknown}
Potions
 c - 3 potions of curing
 d - a potion of haste
 e - 2 potions of magic
 f - a potion of berserk rage
 j - a potion of brilliance {unknown}
 k - a potion of cancellation {unknown}


   Skills:
 + Level 11.6 Fighting
 + Level 11.4 Dodging
 + Level 13.4 Unarmed Combat


You had 8 spell levels left.
You didn't know any spells.
Your spell library was empty.

Dungeon Overview and Level Annotations

Branches:
Dungeon (1/1)

Altars:
Cheibriados
Dithmenos
Elyvilon
Fedhas
Gozag
Hepliaklqana
Kikubaaqudgha
Makhleb
Nemelex Xobeh
Okawaru
Qazlal
Ru
Sif Muna
Trog
Uskayaw
Vehumet
Wu Jian
Xom
Yredelemnul
Zin
The Shining One
Jiyva
Lugonu

Shops:
D :[


Innate Abilities, Weirdness & Mutations

You are too large for most types of armour.
You have claws for hands.
Your natural rate of healing is unusually fast.
You are covered in fur. (AC +1)
You have tough skin. (AC +1)


Message History

You feel as though you will be slow longer.
The hornet barely misses you.
You claw the hornet!
The hornet is heavily wounded.
The hornet stings you!
You are poisoned.
You feel as though you will be slow longer.
The hornet stings you but does no damage.
You scratch the hornet but do no damage.
The hornet is moderately wounded.
You feel very sick. The hornet stings you.
You are more poisoned.
You feel as though you will be slow longer.
The hornet stings you!
You are more poisoned.
You feel as though you will be slow longer.
You claw the hornet!
The hornet is severely wounded.
You feel very sick. The hornet stings you!
You are more poisoned.
You feel as though you will be slow longer.
You barely miss the hornet.
The hornet is severely wounded.
You feel extremely sick. The hornet stings you!
* * * LOW HITPOINT WARNING * * *
You are more poisoned.
You suddenly lose the ability to move!
The hornet stings you.
* * * LOW HITPOINT WARNING * * *
You shrug off the repeated paralysis!
* * * LOW HITPOINT WARNING * * *
You feel extremely sick. The hornet stings you!
* * * LOW HITPOINT WARNING * * *
You are more poisoned.
You feel as though you will be slow longer.
The hornet stings you!
You die...

######################
..)..#..'..#__#..'.).#
).#..').#..'..'..#)..#
####'#####'#__####...+
###..#...#.####..#####
__####..##[#§~§§§#§$#
_____##'#_.+§~§§@y§.#
_.∩...÷..._#§~§§†#§$#
_..__##_.#'##§#### +#
_____###'#[#.)..###
########.####§###)##
+..)'†..§.'[∩#
#...########## ###.###
#.#'#.#


You could see a hornet.

Vanquished Creatures
  2 centaur warriors (D)
  Sonja (D)
  A deep troll (D)
  2 kobold demonologists (D)
  A slime creature (D)
  Sigmund (D)
  A yak (D)
  A floating eye (D)
  An ogre (D)
  A jelly (D)
  Ijyb (D)
13 creatures vanquished.

Vanquished Creatures (others)
  2 ballistomycete spores (D)
2 creatures vanquished.

Grand Total: 15 creatures vanquished

Notes
Turn   | Place    | Note
-------+----------+-------------------------------------------
     0 | D        | sircluck the Troll Berserker began the quest for the Orb.
     0 | D        | Reached XP level 1. HP: 22/22 MP: 0/0
     1 | D        | Noticed Ijyb
    12 | D        | Killed Ijyb
    13 | D        | Reached skill level 4 in Unarmed Combat
    13 | D        | Reached XP level 2. HP: 21/32 MP: 1/1
    17 | D        | Noticed an ogre
    22 | D        | Killed an ogre
    23 | D        | Reached skill level 5 in Fighting
    23 | D        | Reached skill level 5 in Dodging
    23 | D        | Reached skill level 6 in Unarmed Combat
    23 | D        | Reached XP level 3. HP: 42/42 MP: 2/2
    23 | D        | Reached XP level 4. HP: 50/50 MP: 3/3
    74 | D        | Noticed Sigmund
    84 | D        | Killed Sigmund
    84 | D        | Reached ** piety under Trog
    85 | D        | Reached skill level 7 in Unarmed Combat
    85 | D        | Reached XP level 5. HP: 40/61 MP: 4/4
   116 | D        | Found an ornate altar of the Wu Jian Council.
   116 | D        | Found a shimmering blue altar of Sif Muna.
   118 | D        | Found a radiant altar of Vehumet.
   123 | D        | Reached skill level 8 in Unarmed Combat
   123 | D        | Reached XP level 6. HP: 68/68 MP: 5/5
   155 | D        | Found Edem's Book Emporium.
   155 | D        | Found an ancient bone altar of Kikubaaqudgha.
   155 | D        | Found a hazy altar of Hepliaklqana.
   155 | D        | Found a stormy altar of Qazlal.
   155 | D        | Found a hide-covered altar of Uskayaw.
   155 | D        | Found a blossoming altar of Fedhas.
   155 | D        | Found a bloodstained altar of Trog.
   155 | D        | Found an iron altar of Okawaru.
   155 | D        | Found a basalt altar of Yredelemnul.
   155 | D        | Found a glowing golden altar of the Shining One.
   155 | D        | Found a snail-covered altar of Cheibriados.
   155 | D        | Found a sacrificial altar of Ru.
   155 | D        | Found a glowing silver altar of Zin.
   155 | D        | Found a shadowy altar of Dithmenos.
   155 | D        | Found a white marble altar of Elyvilon.
   155 | D        | Noticed a yak
   161 | D        | Killed a yak
   162 | D        | Found an opulent altar of Gozag.
   163 | D        | Found a sparkling altar of Nemelex Xobeh.
   182 | D        | Found a burning altar of Makhleb.
   182 | D        | Found a viscous altar of Jiyva.
   182 | D        | Found a shimmering altar of Xom.
   182 | D        | Found a corrupted altar of Lugonu.
   182 | D        | Noticed a slime creature
   188 | D        | Killed a slime creature
   188 | D        | Reached *** piety under Trog
   189 | D        | Reached skill level 9 in Unarmed Combat
   189 | D        | Reached XP level 7. HP: 49/80 MP: 6/6
   219 | D        | Noticed a kobold demonologist
   219 | D        | Noticed a kobold demonologist
   221 | D        | Paralysed by a floating eye for 4 turns
   230 | D        | Killed a kobold demonologist
   231 | D        | Reached skill level 10 in Unarmed Combat
   231 | D        | Noticed a sixfirhy
   232 | D        | Killed a kobold demonologist
   232 | D        | Reached **** piety under Trog
   233 | D        | Reached XP level 8. HP: 79/92 MP: 7/7
   249 | D        | Noticed Sonja
   268 | D        | HP: 1/92 [poisoned by Sonja]
   271 | D        | Killed Sonja
   272 | D        | Reached skill level 10 in Fighting
   272 | D        | Reached skill level 10 in Dodging
   272 | D        | Reached skill level 11 in Unarmed Combat
   382 | D        | Noticed a deep troll
   393 | D        | Killed a deep troll
   394 | D        | Reached skill level 12 in Unarmed Combat
   394 | D        | Reached XP level 9. HP: 43/102 MP: 8/8
   403 | D        | Found Titudoit's Armour Emporium.
   407 | D        | Bought a scarf of invisibility for 120 gold pieces
   449 | D        | Noticed a centaur warrior
   449 | D        | Noticed a centaur warrior
   454 | D        | Killed a centaur warrior
   455 | D        | Reached skill level 13 in Unarmed Combat
   458 | D        | Killed a centaur warrior
   458 | D        | Reached ***** piety under Trog
   508 | D        | Paralysed by a hornet for 3 turns
   509 | D        | HP: 1/105 [hornet (11)]
   509 | D        | Mangled by a hornet

Illustrated notes

Levels and vault maps discovered:
D:        dungeon_sprint_1 [red_sonja_temple_1, red_sonja_temple_small_1]

Skill      XL: |  1  2  3  4  5  6  7  8  9 |
---------------+----------------------------+-----
Fighting       | 3 5 6 8 9 10 11 | 11.6
Dodging        | 3 5 6 7 9 10 11 | 11.4
Unarmed Combat | 4 6 7 8 9 10 12 13 | 13.4

Action                     |  1- 3 |  4- 6 |  7- 9 || total
---------------------------+-------+-------+-------++-------
  Melee: Unarmed           |    14 |    21 |    44 ||    79
         Punch             |       |     1 |     3 ||     4
 Invoke: Berserk           |     1 |       |     2 ||     3
Ability: Evoke Invisibilit |       |       |     1 ||     1
  Evoke: Wand              |       |     1 |       ||     1
    Use: Potion            |       |       |     2 ||     2
   Stab: Invisible         |       |       |     1 ||     1
 Armour: Animal skin       |     1 |     2 |     8 ||    11
  Dodge: Dodged            |     5 |     5 |    32 ||    42

Table legend: (Time is in decaauts)
 A = Elapsed time spent in this place.
 B = Non-inter-level travel time spent in this place.
 C = Inter-level travel time spent in this place.
 D = Time resting spent in this place.
 E = Time spent auto-exploring this place.
 F = Levels seen in this place.
 G = Mean time per level.
                   A        B        C        D        E       F      G
               +--------+--------+--------+--------+--------+-----+--------+
         Total |    523 |    500 |     23 |    118 |    108 |   1 |  523.0 |
       Dungeon |    523 |    500 |     23 |    118 |    108 |   1 |  523.0 |
               +--------+--------+--------+--------+--------+-----+--------+

Top non-repeatable levels by time:
       D: 523 daAuts
